 Dungeon Crawl Stone Soup version 0.30.1-3-gfc49f6343a (webtiles) character file.

Game seed: 16794635913732298676

20 javelincjr the Trooper (level 2, -1/24 HPs)
             Began as a Demonspawn Fighter on Aug 7, 2023.
             Succumbed to a kobold's poison
             ... on level 1 of the Dungeon.
             The game lasted 00:02:26 (490 turns).

javelincjr the Trooper (Demonspawn Fighter)          Turns: 490, Time: 00:02:27

Health: -1/24      AC:  6    Str: 16    XL:     2   Next: 58%
Magic:  2/2        EV:  9    Int:  9    God:
Gold:   94         SH:  0    Dex: 12    Spells: 1/1 levels left

rFire   . . .        a - +0 trident
rCold   . . .        c - +0 buckler
rNeg    . . .        b - +0 scale mail
rPois   .            (no helmet)
rElec   .            (no cloak)
rCorr   .            (no gloves)
SInv    .            (no boots)
Will    .....        (no amulet) Stlth
                     (no ring)
HPRegen 0.24/turn    (no ring)
MPRegen 0.08/turn

%: no passive effects
@: confused, lethally poisoned (-1 -> -26), ambrosia-drunk
A: powered by death 1
a: no special abilities


You were on level 1 of the Dungeon.
You visited 1 branch of the dungeon, and saw 1 of its levels.

You collected 94 gold pieces.

Inventory:

Hand Weapons
 a - a +0 trident (weapon)
Armour
 b - a +0 scale mail (worn)
 c - a +0 buckler (worn)
Scrolls
 f - 3 scrolls of teleportation {unknown}
 g - a scroll of fog {unknown}
Potions
 d - a potion of might
 h - a potion of curing {unknown}


   Skills:
 + Level 3.2 Fighting
 + Level 2.0 Polearms
 + Level 2.9 Armour
 + Level 0.5 Dodging
 + Level 2.9 Shields


You had one spell level left.
You didn't know any spells.
Your spell library was empty.

Dungeon Overview and Level Annotations

Branches:
Dungeon (1/15)

Altars:

Shops:
D:1 [


Innate Abilities, Weirdness & Mutations

You regenerate a little health from kills.


Message History

The hobgoblin hits you but does no damage. x2
You hit the hobgoblin but do no damage.
The hobgoblin is almost dead.
The hobgoblin barely misses you.
You hit the hobgoblin.
You kill the hobgoblin!
You miss the goblin. You block the goblin's attack.
You closely miss the goblin. You block the goblin's attack.
The goblin barely misses you.
You closely miss the goblin. The goblin hits you but does no damage.
You barely miss the goblin. The goblin closely misses you.
You barely miss the goblin. The goblin closely misses you.
You hit the goblin but do no damage. The goblin hits you with a +0 dagger.
The goblin barely misses you.
Reach: a) +0 trident
Press: ? - help, Dir - move target, f - kobold
Aim: a kobold, wielding a +3 short sword of venom (about 50% to evade your +0 trident)
The goblin is in the way.
You puncture the goblin!
You kill the goblin!
You hit the kobold but do no damage.
The kobold hits you with a +3 short sword of venom.
You are poisoned.
You closely miss the kobold.
You feel very sick.
The kobold hits you with a +3 short sword of venom.
You are more poisoned.
You closely miss the kobold.
You feel very sick.
The kobold hits you with a +3 short sword of venom.
You are lethally poisoned!
The kobold hits you with a +3 short sword of venom.
You are more poisoned.
You hit the kobold.
You kill the kobold!
* * * LOW HITPOINT WARNING * * *
You feel extremely sick.
It was a potion of ambrosia.
You are confused.
You feel invigorated.
You die...

#..####### ..##
#......... ....
#.∩#.##### #..
#......# ##..
##.#.#.#
#.###..# #.#.#.#
#......# #.#.#.#
#)# #.#...# #r#
#.#...########@#
#)#............#
#.#..###########
#.##.## #.....#
#.##### #.# ###


You could see a rat.

Vanquished Creatures
  A dart slug (D:1)
  2 ball pythons (D:1)
  An endoplasm (D:1)
  A hobgoblin (D:1)
  2 bats (D:1)
  6 frilled lizards (D:1)
  4 goblins (D:1)
  A kobold (D:1)
  2 rats (D:1)
20 creatures vanquished.

Notes
Turn   | Place    | Note
-------+----------+-------------------------------------------
     0 | D:1      | javelincjr the Demonspawn Fighter began the quest for the
                  | Orb.
     0 | D:1      | Reached XP level 1. HP: 18/18 MP: 1/1
   189 | D:1      | Gained mutation: You regenerate a little health from kills.
                  | [demonic ancestry]
   189 | D:1      | Reached XP level 2. HP: 24/24 MP: 2/2
   419 | D:1      | Found Ticlekko's Armour Shoppe.
   489 | D:1      | HP: 1/24 [poisoned by a kobold]
   490 | D:1      | Succumbed to a kobold's poison

Illustrated notes

Levels and vault maps discovered:
D:1:      psy_arrival_terrarium, layout_basic, serial_shops, shop, st_stairs_12,
          minmay_bisected

Skill      XL: |  1  2 |
---------------+-------+-----
Polearms       | 2 |  2.0
Fighting       | |  3.2
Armour         | |  2.9
Dodging        | |  0.5
Shields        | |  2.9

Action                     || total
---------------------------++-------
  Melee: Trident           ||    90
    Use: Potion            ||     1
 Armour: Scale mail        ||    27
  Dodge: Dodged            ||    24
  Block: Buckler           ||    22
